 Dungeon Crawl Stone Soup version 0.31-a0-271-gb88eb75e06 (webtiles) character file.

Game seed: 15950277116075851193

139 qw the Shooter (level 5, 0/30 HPs)
             Began as a Gargoyle Hexslinger on July 14, 2023.
             Slain by an orc wizard
             ... wielding a +0 dagger
              (2 damage)
             ... on level 2 of the Dungeon.
             The game lasted 00:00:39 (1866 turns).

qw the Shooter (Gargoyle Hexslinger)                Turns: 1866, Time: 00:00:39

Health: 0/30       AC:  9    Str: 12    XL:     5   Next: 22%
Magic:  6/6        EV: 10    Int: 13    God:
Gold:   33         SH:  0    Dex: 14    Spells: 5/6 levels left

rFire   . . .        e - +1 sling (heavy)
rCold   . . .        (no shield)
rNeg    + . .        c - +0 ring mail
rPois   inf          (no helmet)
rElec   +            (no cloak)
rCorr   .            (no gloves)
SInv    .            (no boots)
Will    .....        (no amulet)
Stlth   +            (no ring)
HPRegen 0.25/turn    (no ring)
MPRegen 0.10/turn

%: no passive effects
@: no status effects
A: sickness immunity, AC +4, negative energy resistance 1, electricity
resistance, torment resistance 1, petrification resistance
a: no special abilities


You were on level 2 of the Dungeon.
You visited 1 branch of the dungeon, and saw 3 of its levels.

You collected 33 gold pieces.


Innate Abilities, Weirdness & Mutations

You are immune to sickness and miasma.
Your stone body is resilient. (AC +4)
You are immune to poison.
You resist negative energy. (rN+)
You are resistant to electric shocks. (rElec)
You are resistant to unholy torment.
You are immune to petrification.


   Skills:
 - Level 2.2 Fighting
 + Level 4.1 Ranged Weapons
 - Level 2.5 Armour
 - Level 1.5 Dodging
 - Level 1.0 Spellcasting
 - Level 2.6 Hexes


You had 5 spell levels left.
You knew the following spells:

 Your Spells              Type           Power      Damage    Failure   Level
a - Slow                  Hex            28%        N/A       21%         1

Your spell library contained the following spells:

 Spells                   Type           Power      Damage    Failure   Level
 Inner Flame              Hex/Fire       4%         N/A       71%         3
 Portal Projectile        Hex/Tloc       8%         N/A       71%         3
 Cause Fear               Hex            3%         N/A       90%         4

Inventory:

Hand Weapons
 e - a +1 heavy sling (weapon)
Armour
 c - a +0 ring mail (worn)
Scrolls
 d - 2 scrolls of enchant armour
Potions
 f - a potion of lignification {unknown}
 g - a potion of berserk rage {unknown}

Dungeon Overview and Level Annotations

Branches:
Dungeon (3/15)

Altars:
Qazlal


Message History

Your Armour skill gained 2 levels and is now at level 2!
You have reached level 5!
The orc barely misses you. The orc wizard barely misses you.
The orc barely misses you.
The orc wizard gestures at you while chanting.
You are more confused.
The orc barely misses you. The orc wizard barely misses you.
The orc closely misses you.
The orc wizard hits you but does no damage.
The orc hits you with a +0 falchion.
The orc wizard hits you with a +0 dagger.
The orc closely misses you.
The orc wizard hits you but does no damage.
The orc barely misses you.
The orc wizard hits you but does no damage.
The orc closely misses you.
The orc wizard hits you but does no damage.
The orc closely misses you.
The orc wizard hits you with a +0 dagger.
You feel less confused. The orc barely misses you.
The orc wizard hits you but does no damage.
You shoot a sling bullet.
The sling bullet barely misses the orc wizard.
The sling bullet hits the orc.
The orc is almost dead.
The orc hits you with a +0 falchion.
The orc wizard points at you and mumbles some strange words.
The puff of flame misses you.
The puff of flame hits the orc.
The orc dies!
The orc wizard closely misses you.
You shoot a sling bullet. The sling bullet hits the orc wizard.
The orc wizard is severely wounded.
The orc wizard hits you with a +0 dagger. x2
You shoot a sling bullet.
The sling bullet barely misses the orc wizard.
The sling bullet closely misses the orc.
The orc wizard closely misses you.
The orc wizard hits you with a +0 dagger.
You die...

.......###.# #.......# (#######
#.# #.......# .# #.# #.....(.# .#
#.# #.......# .###### #.#
#.##.#### ......# #.# #.##.#
.####.# #.# #.##.# ......#
#.########.##.##########
.###..####.....)@oo.##...........
.##.......##################..###
.#...####..................#..#
~...~~.~.~.~.~.###########.#..###
~.~~~~~~~~~~~..# #.#..#..
~.~777~.~777~~)# ########.#..#..
~~~7 7~~~7 7~~.####.....##.#.)#..
~~~777~~~777~..#...........#..+..
~.~~~~~~~~~~~~.#........#####.#..


You could see an orc wizard and an orc.

Vanquished Creatures
  A scorpion (D:2)
  4 adders (D:2)
  A dart slug (D:2)
  An orc (D:3)
  3 endoplasms
  A giant cockroach (D:2)
  5 goblins
  5 hobgoblins
  2 jackals (D:2)
  A quokka (D:1)
  3 ball pythons (D:2)
  7 bats
  A frilled lizard (D:1)
  7 kobolds
  2 rats
44 creatures vanquished.

Vanquished Creatures (others)
  An orc (D:2)
1 creature vanquished.

Grand Total: 45 creatures vanquished

Notes
Turn   | Place    | Note
-------+----------+-------------------------------------------
     0 | D:1      | qw the Gargoyle Hexslinger began the quest for the Orb.
     0 | D:1      | Reached XP level 1. HP: 12/12 MP: 2/2
     0 | D:1      | 0 ||| qw: Version: 0.3-a-52-g30416fa
     0 | D:1      | 0 ||| qw: Game counter: 7956
     0 | D:1      | 0 ||| qw: Melee chars always use a shield: true
     0 | D:1      | 0 ||| qw: God list: Okawaru
     0 | D:1      | 0 ||| qw: Allow faded altars: false
     0 | D:1      | 0 ||| qw: Do Orc after clearing Dungeon:15 true
     0 | D:1      | 0 ||| qw: Do second Lair branch before Depths: true
     0 | D:1      | 0 ||| qw: Lair rune preference: random
     0 | D:1      | 0 ||| qw: Goals: Normal
     0 | D:1      | 0 ||| PLANNING D:1-11
   125 | D:1      | HP: 2/12 [hobgoblin (3)]
   213 | D:1      | 213 ||| FLEEEEING.
   254 | D:1      | Reached XP level 2. HP: 16/16 MP: 3/3
   391 | D:1      | Reached skill level 3 in Ranged Weapons
   701 | D:1      | 701 ||| UPGRADING to +0 leather armour.
   711 | D:1      | 711 ||| DROPPING +0 robe.
   712 | D:1      | 712 ||| READING scroll labelled HIWNYF MIWNUA.
   713 | D:1      | 713 ||| READING scroll labelled ATAHOM TUCUNK.
   714 | D:1      | 714 ||| READING scroll labelled MUGAYF ETINI.
   715 | D:1      | 715 ||| DROPPING scroll of poison.
   763 | D:2      | Reached XP level 3. HP: 21/21 MP: 4/4
   858 | D:2      | 858 ||| Stepping ~*~*~tactically~*~*~ (water).
   958 | D:2      | 958 ||| FLEEEEING.
   959 | D:2      | 959 ||| FLEEEEING.
   961 | D:2      | 961 ||| FLEEEEING.
   964 | D:2      | Reached XP level 4. HP: 24/26 MP: 5/5
  1152 | D:2      | Reached skill level 4 in Ranged Weapons
  1399 | D:2      | Found a stormy altar of Qazlal.
  1556 | D:2      | 1556 ||| Stepping ~*~*~tactically~*~*~ (water).
  1788 | D:2      | 1788 ||| UPGRADING to +0 ring mail.
  1798 | D:2      | 1798 ||| DROPPING +0 leather armour.
  1799 | D:2      | 1799 ||| READING scroll labelled HASOOMNIPN.
  1800 | D:2      | 1800 ||| READING scroll labelled WIEMETT RIPTI.
  1801 | D:2      | 1801 ||| READING scroll labelled SYENAC QOMUMEO.
  1802 | D:2      | 1802 ||| READING scroll labelled TOUPSU INNI.
  1846 | D:3      | Noticed a scorpion
  1850 | D:3      | 1850 ||| STAIRDANCE
  1853 | D:2      | Killed a scorpion
  1854 | D:2      | Reached XP level 5. HP: 15/30 MP: 6/6
  1864 | D:2      | HP: 5/30 [orc/+0 falchion (6)]
  1865 | D:2      | HP: 1/30 [orc wizard/+0 dagger (3)]
  1866 | D:2      | Slain by an orc wizard

Levels and vault maps discovered:
D:1:      spicycebolla_arrival_clurvy, layout_loops_ring, due_unseen_surprise
D:2:      layout_basic, basic_altar, kennysheep_boxes
D:3:      layout_basic

Skill      XL: |  1  2  3  4 |
---------------+-------------+-----
Ranged Weapons | 3 4 |  4.1
Fighting       | 2 |  2.2
Armour         | 2 |  2.5
Dodging        | |  1.5
Spellcasting   | |  1.0
Hexes          | |  2.6

Action                     |  1- 3 |  4- 6 || total
---------------------------+-------+-------++-------
   Fire: Sling             |    95 |    37 ||   132
    Use: Scroll            |     3 |     4 ||     7
 Armour: Robe              |     5 |       ||     5
         Leather armour    |    16 |    11 ||    27
         Ring mail         |       |    11 ||    11
  Dodge: Dodged            |    35 |    40 ||    75

Table legend:
 A = Non-vault XP
 B = Vault XP
 C = Vault XP percentage of total XP
 D = Non-vault monster count
 E = Vault monster count
 F = Vault count percentage of total count
                 A         B        C        D         E       F
            +---------+---------+-------+---------+---------+-------
      Total |     199 |       0 |   0.0 |      44 |       0 |   0.0
            +---------+---------+-------+---------+---------+-------
        D:1 |      25 |       0 |   0.0 |      16 |       0 |   0.0
        D:2 |     171 |       0 |   0.0 |      27 |       0 |   0.0
        D:3 |       3 |       0 |   0.0 |       1 |       0 |   0.0
            +---------+---------+-------+---------+---------+-------
